Cogmind - Beta 14 *** ADVENTURER MODE // 2024.08.10 @ 18:43:36 Player: cd-rom Result: Self-destructed Performance ------------- Evolutions (1) 500 Regions Visited (2) 400 Robots Destroyed (34) 170 Value Destroyed (686) 686 Prototype IDs (3) 60 Alien Tech Used (0) 0 Bonus (0) 0 TOTAL SCORE: 1816 Bonus ------- None Cogmind --------- Core Integrity 371/400 Matter 260/300 Energy 60/125 System Corruption 0% Temperature Cool (0) Movement Walking (190) Ox1 Location -9/Materials Parts ------- > --- POWER (1) -------- Light Ion Engine > --- PROPULSION (2) --- Carbon-fiber Leg Carbon-fiber Leg > --- UTILITY (3) ------ High-capacity Storage Unit Signal Interpreter ECM Suite > --- WEAPON (3) ------- Shock Rifle Shock Rifle Grenade Launcher > --- INVENTORY (20) --- Light Ion Engine Improved Ion Engine Carbon-fiber Leg Carbon-fiber Leg Wheel Wheel Wheel Wheel Heat Sink Medium Matter Pod (100) Weight Redist. System Targeting Computer Shock Rifle Shock Rifle Rocket Launcher Mini Grenade Launcher Datajack Peak State ------------ > --- POWER ------------ Light Ion Engine > --- PROPULSION ------- Carbon-fiber Leg Carbon-fiber Leg > --- UTILITY ---------- High-capacity Storage Unit Signal Interpreter ECM Suite > --- WEAPON ----------- Shock Rifle Shock Rifle Grenade Launcher > --- INVENTORY -------- Light Ion Engine Improved Ion Engine Carbon-fiber Leg Wheel Wheel Wheel Wheel Heat Sink Medium Matter Pod Weight Redist. System Targeting Computer Medium Laser Assault Rifle Assault Rifle Grenade Launcher Mini Grenade Launcher [Rating: 19] Favorites ----------- Power Light Ion Engine Engine Light Ion Engine Propulsion Aluminum Leg Leg Aluminum Leg Wheel Wheel Flight Unit Flight Unit Utility Signal Interpreter Device ECM Suite Storage High-capacity Storage Unit Processor Signal Interpreter Weapon Assault Rifle Energy Gun EM Pulse Gun Ballistic Gun Assault Rifle Launcher Grenade Launcher Build | -11 -10 -9 ------- Run | Yrd Mat Mat Slots Evolved 2 | . . 2 Power . | . . . Propulsion . | . . . Utility 1 | . . 1 Weapon 1 | . . 1 Parts Attached 29 | 6 14 9 Power 3 | 1 2 . Engine 3 | 1 2 . Core . | . . . Reactor . | . . . Propulsion 10 | 2 4 4 Treads . | . . . Leg 6 | 2 2 2 Wheel 2 | . . 2 Hover . | . . . Flight 2 | . 2 . Utility 5 | 1 3 1 Device 1 | . . 1 Storage 3 | 1 2 . Processor 1 | . 1 . Hackware . | . . . Protection . | . . . Artifact . | . . . Weapon 11 | 2 5 4 Energy Gun 4 | 1 . 3 Energy Cannon . | . . . Ballistic Gun 4 | 1 3 . Ballistic Cannon . | . . . Launcher 3 | . 2 1 Special Weapon . | . . . Impact Weapon . | . . . Slashing Weapon . | . . . Piercing Weapon . | . . . Special Melee Weapon . | . . . Unidentified Prototypes . | . . . Parts Lost 2 | . 1 1 Power . | . . . Propulsion 1 | . . 1 Utility . | . . . Weapon 1 | . 1 . Highest Loss Streak 1 | . 1 1 To Critical Strikes . | . . . Average Slot Usage (%) 98 | . 98 100 Engine 13 | . 14 11 Leg 26 | . 27 21 Device 2 | . . 11 Storage 13 | . 14 11 Processor 12 | . 12 11 Energy Gun 10 | . 9 13 Ballistic Gun 14 | . 14 15 Launcher 3 | . 3 3 Peak Build Rating 19 | 6 8 19 Average Rating 8 | 4 7 12 On Entrance 4 | . 6 8 Naked Turns . | . . . Heaviest Build 54 | 14 47 54 Greatest Support 30 | 20 20 30 Greatest Overweight (x) 3 | 3 3 2 Average Overweight (x) 1 | . 1 1 Largest Inventory Capacity 20 | 8 20 20 Average Capacity 16 | 7 15 20 Most Carried 17 | 7 13 17 Average Carried 10 | 3 10 13 Final Capacity 20 | 8 20 20 Final Carried 17 | 4 13 17 Class Distribution -------------------- 77% | Mutant 22% | Gunner Dominant Class ---------------- Mutant | -10/Materials Gunner | -9/Materials Resources | -11 -10 -9 ----------- Run | Yrd Mat Mat Matter Collected 723 | 199 319 205 Remotely . | . . . Salvage Created 949 | . 394 555 Parts 63 | . 25 38 Haulers Intercepted 2 | . . 2 Recyclers Shooed . | . . . Parts Field Recycled . | . . . Retrieved Matter . | . . . Parts Self-Destructed . | . . . Prevented . | . . . Kills | -11 -10 -9 ------- Run | Yrd Mat Mat Combat Hostiles Destroyed 24 | . 10 14 Guns 13 | . 6 7 AOE 11 | . 4 7 Classes Destroyed 7 | . 4 3 Builder 1 | . . 1 Hauler 2 | . . 2 Recycler 3 | . 2 1 Watcher 4 | . 3 1 Swarmer 12 | . 6 6 Grunt 11 | . 4 7 Sentry 1 | . . 1 Best Kill Streak 6 | . 5 6 Combat Bots Only 4 | . 3 4 Max Kills in Single Turn 4 | . 2 4 Gunslinging . | . . . Exploded 3 | . 1 3 Melee . | . . . Uniques/NPCs Destroyed . | . . . Combat | -11 -10 -9 -------- Run | Yrd Mat Mat Hostile Shots Fired 83 | . 43 40 Missed 35 | . 19 16 Damage Taken 523 | . 257 266 Core 50 | . 21 29 Absorbed by Shields . | . . . Ignored by Resistances 161 | . 82 79 Core Remaining (%) 95 | 100 91 . Volleys Fired 53 | . 37 16 Largest 3 | . 2 3 Hottest 130 | . 70 130 Shots Fired 98 | . 56 42 Gun 83 | . 49 34 Cannon . | . . . Launcher 15 | . 7 8 Special . | . . . Kinetic 30 | . 14 16 Thermal 6 | . . 6 Explosive 15 | . 7 8 Electromagnetic 47 | . 35 12 Robot Hit Streak 13 | . 13 7 Robot Miss Streak 4 | . 4 2 Penetration Max . | . . . Secondary Targets . | . . . Shots Hit Robots 54 | . 33 21 Core Hits 50 | . 24 26 Critical Kills 1 | . 1 . Critical Parts Destroyed 1 | . . 1 Critical Strikes 3 | . 1 2 Destroy 2 | . 1 1 Corrupt 1 | . . 1 Melee Attacks . | . . . Impact . | . . . Slashing . | . . . Piercing . | . . . Sneak Attacks . | . . . Combat Hostiles . | . . . Follow-up Attacks . | . . . Damage Inflicted 1584 | . 805 779 Guns 679 | . 386 293 Cannons . | . . . Explosions 905 | . 419 486 Melee . | . . . Ramming . | . . . Kinetic 198 | . 86 112 Thermal 127 | . 90 37 Explosive 815 | . 329 486 Electromagnetic 444 | . 300 144 Impact . | . . . Slashing . | . . . Piercing . | . . . Highest Corruption . | . . . Average Corruption . | . . . Corruption Purged . | . . . Corruption Blocked . | . . . Overload Shots . | . . . Overflow Damage . | . . . Projectiles . | . . . Explosions . | . . . Melee . | . . . Knockbacks . | . . . Impact . | . . . Kinetic . | . . . Secondary . | . . . Self-Inflicted Damage 129 | . 69 60 Shots 8 | . 5 3 Rammed . | . . . Targets Rammed . | . . . Kicked . | . . . Crushed . | . . . Highest Temperature 126 | . 75 126 Average Temperature 43 | . 30 51 Received Heat Transfer 228 | . 99 129 Siege Activations . | . . . Robots Corrupted . | . . . Combat Hostiles . | . . . Parts Fried . | . . . Impact Corruptions . | . . . Robots Melted . | . . . Combat Hostiles . | . . . Parts Melted . | . . . Heat Transferred 211 | . 100 111 Parts Sabotaged . | . . . Parts Stolen . | . . . Parts Stripped . | . . . Power Chain Reactions 2 | . 2 . Alert | -11 -10 -9 ------- Run | Yrd Mat Mat Peak Influence 301 | . 244 301 Initial 3 | . . 3 Average 45 | . 38 72 Maximum Alert Level 1 | . 1 1 Low Security (%) 95 | 100 98 84 Level 1 4 | . 1 15 Level 2 . | . . . Level 3 . | . . . Level 4 . | . . . Level 5 . | . . . High Security . | . . . Max Security . | . . . Squads Dispatched 3 | . 1 2 Investigation 1 | . 1 . Extermination . | . . . Reinforcement 2 | . . 2 Assault . | . . . Garrison . | . . . Intercept . | . . . Searches Triggered . | . . . Construction Impeded 1 | . . 1 Haulers Reinforced . | . . . Active Scanning Responses . | . . . Cargo Convoy Interrupts . | . . . Stealth | -11 -10 -9 --------- Run | Yrd Mat Mat Distress Signals . | . . . Communications Jammed . | . . . Distress Signals . | . . . Times Spotted 32 | . 15 17 Peak Tracking Total 4 | . 3 4 Tactical Retreats . | . . . Traps | -11 -10 -9 ------- Run | Yrd Mat Mat Traps Triggered 1 | . 1 . Indirectly . | . . . Trap Hack Attempts . | . . . Triggered . | . . . Disarmed 4 | . 4 . Reprogrammed . | . . . Reused . | . . . Traps Extracted . | . . . Installed . | . . . Triggered . | . . . Machines | -11 -10 -9 ---------- Run | Yrd Mat Mat Machines Disabled 3 | . 2 1 Max in Single Turn 1 | . 1 1 Machines Repaired . | . . . Machines Dismantled . | . . . Machines Sabotaged . | . . . Overloaded Fab Kills . | . . . Hacking | -11 -10 -9 --------- Run | Yrd Mat Mat Machines Accessed 9 | . 8 1 Terminals 7 | . 7 . Fabricators . | . . . Repair Stations . | . . . Recycling Units 1 | . 1 . Scanalyzers 1 | . . 1 Garrison Access . | . . . Total Hacks 30 | . 28 2 Successful 22 | . 20 2 Failed 8 | . 8 . Catastrophic . | . . . Database Lockouts . | . . . Manual . | . . . Terminals 23 | . 23 . Fabricators . | . . . Repair Stations . | . . . Recycling Units 5 | . 5 . Scanalyzers 2 | . . 2 Garrison Access . | . . . Terminal Hacks 15 | . 15 . Record 2 | . 2 . Prototype ID Bank 1 | . 1 . Level Access Points 1 | . 1 . Branch Access Points 1 | . 1 . Emergency Access Points 1 | . 1 . Locate Traps 2 | . 2 . Disarm Traps 1 | . 1 . Dispatch Records 1 | . 1 . Maintenance Status 1 | . 1 . Hauler Manifests 2 | . 2 . Registered Components 1 | . 1 . Zone Layout 1 | . 1 . Fabricator Hacks . | . . . Repair Station Hacks . | . . . Recycling Unit Hacks 5 | . 5 . Recycle Component 2 | . 2 . Process 1 | . 1 . Retrieve Matter 1 | . 1 . Retrieve Components 1 | . 1 . Scanalyzer 2 | . . 2 Insert Component 1 | . . 1 Analyze 1 | . . 1 Garrison Access Hacks . | . . . Unauthorized Hacks . | . . . Terminals . | . . . Fabricators . | . . . Repair Stations . | . . . Recycling Units . | . . . Scanalyzers . | . . . Garrison Access . | . . . Data Cores Recovered . | . . . Used . | . . . Hacking Detections 8 | . 7 1 Full Trace Events . | . . . Feedback Events . | . . . Feedback Blocked . | . . . Robot Schematics Acquired . | . . . Robots Built . | . . . Authchips . | . . . Time . | . . . Total Robot Build Rating . | . . . Part Schematics Acquired 1 | . . 1 Parts Built . | . . . Authchips . | . . . Time . | . . . Total Part Build Rating . | . . . Parts Repaired . | . . . Time . | . . . Parts Recycled 2 | . 2 . Recycled Matter 389 | . 389 . Retrieved Matter 389 | . 389 . Retrieved Components . | . . . Parts Scanalyzed 1 | . . 1 Part Schematics Acquired 1 | . . 1 Parts Damaged . | . . . Bothacking | -11 -10 -9 ------------ Run | Yrd Mat Mat Used RIF Installer . | . . . Robots Hacked . | . . . Non-combat . | . . . Combat . | . . . Robot Hacks Applied . | . . . Relay Couplers Released . | . . . Fabnet Peak Effective % . | . . . Robots Rewired . | . . . Allies Hacked . | . . . Hacks Repelled . | . . . Allies | -11 -10 -9 -------- Run | Yrd Mat Mat Total Allies . | . . . Largest Group . | . . . Highest-Rated Group . | . . . Highest-Rated Ally . | . . . Total Orders . | . . . Ally Attacks . | . . . Total Damage . | . . . Kills . | . . . Allies Corrupted . | . . . Allies Melted . | . . . Intel | -11 -10 -9 ------- Run | Yrd Mat Mat Robot Analysis Total . | . . . Derelict Logs Recovered . | . . . Drone Launches . | . . . Drone Recoveries . | . . . Exploration | -11 -10 -9 ------------- Run | Yrd Mat Mat Turns Passed 2185 | 89 1595 501 Spaces Moved 979 | 55 745 179 Core 23 | 23 . . Treads . | . . . Legs 944 | 32 741 171 Wheels 8 | . . 8 Hover . | . . . Flight 4 | . 4 . Fastest Speed 50 | 50 120 110 Average Speed 195 | 134 191 231 Slowest Speed 277 | 200 277 260 Overloaded Moves . | . . . Propulsion Burnouts . | . . . Robots Hopped . | . . . Cave-ins Triggered . | . . . Exploration Rate (%) 37 | 4 91 16 Regions Visited 2 Branch Regions . Pre-discovered Areas . | . . . Known Exits Taken 1 | . 1 . Unknown Exits Taken 1 | 1 . . Scrap Searched . | . . . Spaces Dug . | . . . Terrain Destroyed 74 | . 38 36 Melee . | . . . Projectile . | . . . AOE 74 | . 38 36 Terrain Rammed . | . . . Walls Destroyed . | . . . Machines Disabled . | . . . Actions | -11 -10 -9 --------- Run | Yrd Mat Mat Total 1166 | 70 862 234 Wait 44 | . 35 9 Move 977 | 54 744 179 Hop . | . . . Pick Up 46 | 10 22 14 Fast Attach . | . . . Attach 13 | 6 4 3 Detach . | . . . Swap 16 | . 10 6 Drop 17 | . 10 7 Fire 53 | . 37 16 Melee . | . . . Ram . | . . . Kick . | . . . Crush . | . . . Escape Stasis . | . . . Rewire . | . . . Trap . | . . . Miscellaneous . | . . . Route ------- -11/Scrapyard -10/Materials (discovered 6 exits: *Mat x3 / *Min x2 / [*Sub]) -9/Materials (discovered 1 exit: *Sto) History --------- Turn | Location | Event 47 | -11/Scrapyard | Discovered new exit (range 15) 90 | -11/Scrapyard | Entered Materials 304 | -10/Materials | Discovered new exit (range 15) 310 | -10/Materials | Build established: Mutant 497 | -10/Materials | Discovered new exit (range 6) 575 | -10/Materials | Identified exit to Mines 1154 | -10/Materials | Discovered new exit (range 9) 1169 | -10/Materials | Identified exit to Materials 1481 | -10/Materials | Discovered new exit (range 7) 1685 | -10/Materials | Entered another Materials area 1685 | -9/Materials | Evolved 2 slots: Utility x1, Weapon x1 1864 | -9/Materials | Discovered new exit (range 3) 1967 | -9/Materials | Identified exit to Storage 1983 | -9/Materials | Build established: Gunner 2186 | -9/Materials | Self-destructed Last Messages --------------- 02162_ Door malfunctions. 02164_ R-06 Scavenger collects Cld. Ion Engine. 02166_ R-06 Scavenger collects Welding Torch. 02167_ R-06 Scavenger collects Aluminum Leg. 02168_ A-02 Transporter destroyed. 02171_ R-06 Scavenger collects Heat Sink. 02174_ U-05 Engineer repairs door. 02176_ U-05 Engineer lays Concrete. 02178_ K-01 Serf cleans the Neutrino Reactor. 02178_ U-05 Engineer lays Concrete. 02179_ G-34 Mercenary destroyed. 02179_ Matter Pump disabled. 02179_ W-16 Scout destroyed. 02179_ U-05 Engineer lays Concrete. 02181_ U-05 Engineer builds a Wall. 02182_ U-05 Engineer lays Concrete. 02183_ K-01 Serf cleans the Neutrino Reactor. 02183_ U-05 Engineer lays Concrete. [A new version of Cogmind is available, see F1 News page.] Map ----- +----------------------------------------------------+ | ???????????????????????????????????????? | | ???????????????????????????????????????? | | ???????????????????????????????????????? | | ???????????????????????????????????????? | | ???????????????????????????????????????? | | ???????????????????????????????????????? | | ???????????????????????????????????????? | | ???????????????????????????????????????? | | ?????????????#########?????????????????? | | ?????????????# #?? ??????????????? | | ?????????????# ] #? r??? ??????????? | | ?????????????# #? """k#?????????? | | ?????????????# !#? """ ## ???????? | | ?????????????# """ #? w ???????? | | ?????????????# """"" #? ????????? | | ??????######## """"" #?# ##???????? | | ??????# !!# """"" #?# #???????? | | ??????#[[ !!# """ #?# #???????? | | ??????#[ #?# #???????? | | ??????## ### = #???????? | | ???????# =# # =%[ #???????? | | ???????# ! % # % ####r#???? | | ???????# !**** ru% u ! !=%== #???? | | ???????# =*==*%* % % === #???? | | ???????# *=[[ # *= "" #???? | | ???????### ###### # "@" T" #???? | | ?????????# #????##### """ "" #????? | | ???????### ###??????# """ #????? | | ???????# ######## #????? | | ???????# # # #????? | | ???????# > + """###T###########????? | | ???????# # R"#?###?###########??? | | ???????# # """#?????# """ #??? | | ???????### ### #?????# """ #??? | | ?????????# #?# ####### """ #??? | | ?????????# #######+## # #??? | | ?????????# # "" #??? | | ?????????# ##### + ]S"" #??? | | ?????????# #???# # "" #??? | | ?????????# #???## ### # #??? | | ?????????# ######/#### ############??? | | ?????????# # # # #???? | | ?????????# # + + #???? | | ?????????# # # # #???? | | ?????????# # """ """ # # #???? | | ?????????# + """ """ ##### " "" #???? | | ?????????### """ """ #???# "R"" #???? | | ???????????# #???# """" #???? | | ???????????# #???# #???? | | ???????????###########???###########???? | +----------------------------------------------------+ Best States ------------- Heat Dissipation 28 Energy Generation 10 Energy Capacity 250 Matter Stores 300 Matter Capacity 300 Sight Range 16 Terrain Scan Density 10 ECM Strength 1 Resistance: KI 20 Resistance: TH 20 Resistance: EX 20 Resistance: EM 20 Resistance: I 20 Resistance: S 20 Resistance: P 20 Evasion (%) 55 Offensive Hacking 10 Item Schematics ----------------- Adv. Beam Cannon | -9/Materials | Scanalyzed Robot Schematics ------------------ None Fabricated ------------ Nothing Alien Tech Used ----------------- None Achievements -------------- Let's See Who's Tougher Loot Pinata Challenges ------------ None Game ------ Seed GrapheneSpacefoldPerforator Manual? 0 Play Time 00:21:27 Cumulative 7.2 hours Start 2024.08.10 @ 11:42:25 End 2024.08.10 @ 18:43:36 Sessions 3 Manual Loads 0 Difficulty Adventurer Special Mode None Game No. 4 Rogue 0 Adventurer 4 Explorer 0 Win Type - Total 0 Types 0/0/0/0/0/0/0/0/0 Lore% 1 Gallery% 5 Achievement% 8 Wizard Run 0 Options --------- Layout 1 ASCII 0 Keyboard 0 Movement Mouse Keybinds 0 Fullscreen 1 Font 16/SmallcapsGlow Map View 55x38 Zoom Use 0% Tactical HUD 1 Map Filters NONE Filters NONE Steam X RUN: 07e6d60e-e5e8-46c0-91d9-7bb73c347051